 Dungeon Crawl Stone Soup version 0.17.0-18-gaab0e96 (webtiles) character file.

210 JudasIscariot the Skirmisher (level 5, -4/34 HPs)
             Began as a Gargoyle Abyssal Knight on Nov 11, 2015.
             Was a Believer of Lugonu.
             Killed from afar by an orc wizard (9 damage)
             ... with a puff of frost
             ... on level 5 of the Dungeon.
             The game lasted 00:08:53 (3164 turns).

JudasIscariot the Skirmisher (GrAK)                 Turns: 3164, Time: 00:08:53

Health: -4/34      AC: 14    Str: 21    XL:     5   Next: 88%
Magic:  7/7        EV:  5    Int: 12    God:    Lugonu [**....]
Gold:   210        SH: 13    Dex:  9    Spells: 0 memorised, 4 levels left

rFire  . . .     SeeInvis +     J - +0 flail
rCold  . . .     Clarity  .     K - +0 scale mail
rNeg   + . .     SustAt   .     h - +0 large shield
rPois  ∞         Gourm    .     (no helmet)
rElec  +         Spirit   .     w - +1 cloak
rCorr  .         Warding  .     x - +0 pair of gloves
rMut   .         Stasis   .     (no boots)
MR     .....                    (no amulet)
Stlth  ..........               r - ring of see invisible
                                n - +4 ring of strength

@: not resistant to hostile enchantments, extremely unstealthy
A: negative energy resistance 1, electricity resistance, unbreathing,
petrification resistance, rot immunity, AC +4
a: Depart the Abyss, Bend Space, Renounce Religion


You were on level 5 of the Dungeon.
You worshipped Lugonu.
Lugonu was pleased with you.
You were hungry.

You visited 1 branch of the dungeon, and saw 5 of its levels.
You visited the Abyss 1 time.

You collected 210 gold pieces.

Inventory:

Hand Weapons
 a - a +1 mace
 J - a +0 flail (weapon)
Armour
 h - a +0 large shield (worn)
 w - a +1 cloak (worn)
 x - a +0 pair of gloves (worn)
 K - a +0 scale mail (worn)
Jewellery
 n - a +4 ring of strength (left hand)
 r - a ring of see invisible (right hand)
Scrolls
 b - 2 scrolls of fear {unknown}
 e - 2 scrolls of remove curse {unknown}
 f - 2 scrolls of magic mapping {unknown}
 g - 2 scrolls of enchant armour {unknown}
 j - 3 scrolls of identify {unknown}
 t - a scroll of recharging {unknown}
 u - 3 scrolls of teleportation {unknown}
 y - a scroll of fog {unknown}
 D - a scroll of noise {unknown}
 G - a scroll of immolation {unknown}
Potions
 i - 3 potions of curing {unknown}
 k - a potion of agility {unknown}
 l - a potion of magic {unknown}
 m - a potion of brilliance {unknown}
 p - a potion of mutation {unknown}
 s - 2 potions of lignification {unknown}
 z - a potion of haste {unknown}
 A - a potion of heal wounds {unknown}
 B - a potion of degeneration {unknown}
 F - a potion of cancellation {unknown}
 H - 2 potions of berserk rage {unknown}
 I - 3 potions of flight {unknown}
Comestibles
 c - 3 bread rations
 d - a fruit
 o - 4 meat rations
 q - a chunk of flesh
 v - 2 beef jerkies
 C - a royal jelly
 E - 2 slices of pizza


   Skills:
 * Level 4.5 Fighting
 * Level 3.4 Maces & Flails
 * Level 3.2 Armour
 - Level 0.7 Dodging
 + Level 0.2 Stealth
 + Level 2.1 Shields
 * Level 2.9 Invocations


You had 4 spell levels left.
You didn't know any spells.

Dungeon Overview and Level Annotations

Branches:
Dungeon (5/15)
 Temple: D:4-7

Altars:
Sif Muna
Trog
Vehumet


Innate Abilities, Weirdness & Mutations

You are resistant to torment.
Your stone body is resilient (AC +4).
You are immune to poison.
You resist negative energy.
You are resistant to electric shocks.
You can survive without breathing.
You are immune to petrification.
You are immune to rotting.


Message History

Your shield prevents you from hitting the orc wizard.
The orc wizard is severely wounded.
The orc wizard hits you but does no damage.
You closely miss the orc wizard.
The orc wizard is severely wounded.
The orc wizard hits you but does no damage.
The orc wizard points at you and mumbles some strange words.
The magic dart hits you!
* * * LOW HITPOINT WARNING * * *
You closely miss the orc wizard.
The orc wizard is severely wounded.
The orc wizard hits you but does no damage.
You barely miss the orc wizard.
The orc wizard is severely wounded.
The orc wizard hits you but does no damage.
Your shield and scale mail prevent you from hitting the orc wizard.
The orc wizard is severely wounded.
The orc wizard gestures at you while chanting.
The puff of frost hits you!
You die...

####..............
#..................
#..................
#..................
#..................
.............?.....
..................
#######..............
#..o@##....o.........
##+##.#)##....o.......##
#...#.#.##............#
#..<'.#.....o...........
........###.....######......
........# #.....# ......
.......####.....# .....
....... #..<....# .. .......
#.......#


You could see an orc wizard (invisible).

Vanquished Creatures
  2 orc wizards (D:5)
  A worker ant (D:4)
  5 adders
  A shadow imp (D:5)
  An ooze (D:3)
  2 worms (D:3)
  3 giant geckos (D:4)
  5 orcs
  8 bats
  4 goblins
  7 hobgoblins
  7 jackals
  3 quokkas
  A giant newt (D:3)
  9 kobolds
  7 rats
66 creatures vanquished.

Notes
Turn   | Place    | Note
--------------------------------------------------------------
     0 | Abyss:1  | JudasIscariot the Gargoyle Abyssal Knight began the quest for the Orb.
     0 | Abyss:1  | Reached XP level 1. HP: 14/14 MP: 2/2
     9 | Abyss:1  | Noticed a ynoxinul
    10 | D:1      | Escaped the Abyss
   422 | D:1      | Reached XP level 2. HP: 16/19 MP: 3/3
  1034 | D:2      | Found a radiant altar of Vehumet.
  1092 | D:2      | Reached XP level 3. HP: 15/24 MP: 4/4
  1304 | D:2      | Found a bloodstained altar of Trog.
  1346 | D:2      | Reached ** piety under Lugonu
  1872 | D:3      | Reached XP level 4. HP: 21/29 MP: 5/5
  1926 | D:3      | Found a deep blue altar of Sif Muna.
  1982 | D:3      | Reached skill level 4 in Fighting
  1982 | D:3      | Reached skill level 1 in Shields
  3029 | D:4      | Reached XP level 5. HP: 33/33 MP: 7/7
  3040 | D:5      | Entered Level 5 of the Dungeon
  3164 | D:5      | Killed from afar by an orc wizard

Action                   |  1- 3 |  4- 6 || total
-------------------------+-------+-------++-------
Melee: Mace              |   128 |   103 ||   231
       Flail             |       |    32 ||    32
  Eat: Chunk             |     3 |     4 ||     7
